 Dungeon Sprint DCSS version 0.19-a0-450-g98b348d (webtiles) character file.

170 Kidiri the Firebug (level 5, -10/31 HPs)
             Began as a Gargoyle Fire Elementalist on June 1, 2016.
             Was an Initiate of Vehumet.
             Blown up by a great orb of eyes (26 damage)
             ... with a disintegration bolt
             ... while paralysed by a great orb of eyes
             ... in the Dungeon (Sprint V: "Ziggurat Sprint").
             The game lasted 00:04:43 (402 turns).

Kidiri the Firebug (Gargoyle Fire Elementalist)      Turns: 402, Time: 00:04:44

Health: -10/31     AC:  6    Str: 12    XL:     5   Next: 51%
Magic:  9/12       EV:  2    Int: 28    God:    Vehumet [......]
Gold:   0          SH:  0    Dex: 10    Spells: 5 memorised, 1 level left

rFire  . . .     SeeInvis .     T - +6 shillelagh "Devastator" {shatter}
rCold  . . .     Gourm    .     a - +0 robe
rNeg   + . .     Faith    .     y - +3 buckler
rPois  ∞         Spirit   .     (no helmet)
rElec  +         Dismiss  .     (no cloak)
rCorr  .         Reflect  .     (no gloves)
SustAt .         Harm     .     (no boots)
MR     .....     NoTele   +     (no amulet)
Stlth  ++........               E - +6 ring of intelligence
                                D - +6 ring of intelligence

@: paralysed, not resistant to hostile enchantments, unstealthy
A: negative energy resistance 1, electricity resistance, unbreathing,
petrification resistance, rot immunity, AC +4
a: Renounce Religion


You were in the Dungeon.
You worshipped Vehumet.
Vehumet was noncommittal.
You were not hungry.

You visited 1 branch

Inventory:

Hand Weapons
 T - the +6 shillelagh "Devastator" (weapon) {shatter}
   (You found it in the Dungeon)
Armour
 a - a +0 robe (worn)
 y - a +3 buckler (worn)
 z - a +3 large shield
 A - a +3 shield
 L - the +18 shield of the Gong {rElec rN+ MR+ EV-5}
   (You found it in the Dungeon)

   It affects your evasion (-5).
   It insulates you from electricity.
   It protects you from negative energy.
   It affects your resistance to hostile enchantments.
Jewellery
 B - a +6 ring of dexterity
 C - a +6 ring of dexterity
 D - a +6 ring of intelligence (left hand)
 E - a +6 ring of intelligence (right hand)
 F - a +6 ring of strength
 G - a +6 ring of strength
Wands
 H - a wand of disintegration (7/24)
 I - a wand of iceblast (5/15)
 J - a wand of lightning (5/15)
 K - a wand of acid (5/15)
Scrolls
 i - 4 scrolls of blinking
 p - 4 scrolls of amnesia
 q - 3 scrolls of recharging
 r - 7 scrolls of fog
 s - a scroll of holy word
 t - 5 scrolls of identify
 u - 5 scrolls of remove curse
 v - 2 scrolls of fear
Potions
 d - 10 potions of curing
 e - 9 potions of heal wounds
 f - 6 potions of haste
 g - 7 potions of magic
 h - 3 potions of berserk rage
 j - 2 potions of brilliance
 k - 2 potions of invisibility
 l - 4 potions of resistance
 n - 5 potions of agility
 o - 5 potions of might
Books
 b - a book of Flames

   Spells                             Type                      Level
   a - Flame Tongue                   Conjuration/Fire             1
   b - Throw Flame                    Conjuration/Fire             2
   c - Conjure Flame                  Conjuration/Fire             3
   d - Inner Flame                    Hexes/Fire                   3
   e - Sticky Flame                   Conjuration/Fire             4
   f - Fireball                       Conjuration/Fire             5
 m - the Incunabulum of Ashen Confrontation
   (You found it in the Dungeon)

   Spells                             Type                      Level
   a - Sandblast                      Earth                        1
   b - Iskenderun's Mystic Blast      Conjuration                  4
   c - Freezing Cloud                 Conjuration/Ice/Air          6
   d - Delayed Fireball               Conjuration/Fire             7
Comestibles
 c - 5 bread rations
 w - 42 fruits
 x - 4 meat rations


   Skills:
 + Level 2.5 Fighting
 + Level 2.2 Maces & Flails
 + Level 2.5 Armour
 + Level 2.6 Dodging
 - Level 2.1 Stealth
 + Level 2.5 Shields
 * Level 5.4 Spellcasting
 * Level 6.1 Conjurations
 * Level 6.5 Fire Magic
 + Level 2.1 Evocations


You had one spell level left.
You knew the following spells:

 Your Spells              Type           Power        Failure   Level  Hunger
a - Flame Tongue          Conj/Fire      #####        1%          1    None
b - Throw Flame           Conj/Fire      #####.       1%          2    None
c - Conjure Flame         Conj/Fire      #####...     1%          3    None
d - Inner Flame           Hex/Fire       ####....     8%          3    None
e - Sticky Flame          Conj/Fire      #####...     8%          4    ###....


Dungeon Overview and Level Annotations

Branches:
Dungeon (1/1)

Altars:
Ashenzari
Cheibriados
Dithmenos
Elyvilon
Fedhas
Gozag
Hepliaklqana
Kikubaaqudgha
Makhleb
Nemelex Xobeh
Okawaru
Pakellas
Qazlal
Ru
Sif Muna
Trog
Uskayaw
Vehumet
Xom
Yredelemnul
Zin
The Shining One
Beogh
Jiyva
Lugonu


Innate Abilities, Weirdness & Mutations

You are resistant to torment.
Your stone body is resilient. (AC +4)
You are immune to poison.
You resist negative energy. (rN+)
You are resistant to electric shocks. (rElec)
You can survive without breathing.
You are immune to petrification.
You are immune to rotting.


Message History

The great orb of eyes turns its gaze towards you.
The white imp gestures at you. The puff of frost misses you.
Casting: Inner Flame
Confirm with . or Enter, or press ? or * to list all spells.
Aiming: Flame Tongue
Press: ? - help, Shift-Dir - straight line, f/p - white imp
Aim: a white imp (inner flame)
The flame tongue hits the white imp.
The white imp is burned terribly!
The white imp is severely wounded.
The great orb of eyes gazes at you.
You suddenly lose the ability to move!
The shadow imp hits you.
The shadow imp hits you but does no damage.
The white imp gestures at you. The puff of frost hits you!
The white imp hits you but does no damage. x2
The great orb of eyes gazes at you.
You are blasted!
Ouch! That really hurt!
You die...

▓▓▓▓▓▓▓▓▓▓▓▓▓
▓.8©8.▓.8©8.▓
▓.)=:.▓.....▓
▓.....▓.:.).▓
▓.....▓.....▓
▓...5.▓..(..▓
▓..5G.▓.....▓
▓...@.▓▓▓▓▓▓▓
▓▓▓▓▓▓▓


You could see a great orb of eyes, a white imp (inner flame) and a shadow imp.

Vanquished Creatures
  2 centaurs (D)
2 creatures vanquished.

Notes
Turn   | Place    | Note
--------------------------------------------------------------
     0 | D        | Kidiri the Gargoyle Fire Elementalist began the quest for the Orb.
     0 | D        | Reached XP level 1. HP: 10/10 MP: 3/3
     0 | D        | Found a blossoming altar of Fedhas.
     0 | D        | Found a snail-covered altar of Cheibriados.
     0 | D        | Found a viscous altar of Jiyva.
     0 | D        | Found a roughly hewn altar of Beogh.
     0 | D        | Found a corrupted altar of Lugonu.
     1 | D        | Found a white marble altar of Elyvilon.
     1 | D        | Found a shimmering altar of Xom.
     3 | D        | Found a deep blue altar of Sif Muna.
     3 | D        | Found a burning altar of Makhleb.
     3 | D        | Found a bloodstained altar of Trog.
     3 | D        | Found an iron altar of Okawaru.
     3 | D        | Found a sparkling altar of Nemelex Xobeh.
     3 | D        | Found a radiant altar of Vehumet.
    19 | D        | Became a worshipper of Vehumet
    84 | D        | Reached skill level 5 in Fire Magic
    84 | D        | Reached XP level 2. HP: 15/15 MP: 4/7
    88 | D        | Learned a level 2 spell: Throw Flame
   116 | D        | Entered arena 1.
   116 | D        | Noticed a centaur
   116 | D        | Noticed a centaur
   120 | D        | Killed a centaur
   120 | D        | Reached skill level 1 in Fighting
   120 | D        | Reached skill level 1 in Maces & Flails
   120 | D        | Reached skill level 1 in Armour
   120 | D        | Reached skill level 1 in Shields
   120 | D        | Reached skill level 5 in Conjurations
   120 | D        | Reached skill level 1 in Evocations
   120 | D        | Reached XP level 3. HP: 7/21 MP: 9/9
   120 | D        | Reached XP level 4. HP: 9/26 MP: 10/10
   123 | D        | Killed a centaur
   123 | D        | Reached skill level 5 in Spellcasting
   123 | D        | Reached XP level 5. HP: 4/31 MP: 10/12
   126 | D        | Identified Poochudu's Catalogue of the Oath and Cold (You found it in the Dungeon)
   133 | D        | Learned a level 3 spell: Conjure Flame
   137 | D        | Learned a level 3 spell: Inner Flame
   142 | D        | Learned a level 4 spell: Sticky Flame
   388 | D        | Identified the Incunabulum of Ashen Confrontation (You found it in the Dungeon)
   395 | D        | Entered arena 2.
   395 | D        | Noticed a great orb of eyes
   398 | D        | Paralysed by a great orb of eyes for 6 turns
   402 | D        | Blown up by a great orb of eyes

Vault maps used:
D:        sprint_v

Skill      XL: |  1  2  3  4 |
---------------+-------------+-----
Spellcasting   | 4 5 |  5.4
Conjurations   | 4 5 6 |  6.1
Fire Magic     | 5 6 |  6.5
Fighting       | 1 2 |  2.5
Maces & Flails | 1 2 |  2.2
Armour         | 1 2 |  2.5
Dodging        | 2 |  2.6
Shields        | 1 2 |  2.5
Evocations     | 1 2 |  2.1
Stealth        | |  2.1

Action                   |  1- 3 |  4- 6 || total
-------------------------+-------+-------++-------
Melee: Shillelagh        |     1 |     3 ||     4
 Cast: Flame Tongue      |       |     1 ||     1
       Inner Flame       |       |     1 ||     1
  Use: Potion            |     2 |       ||     2
Armor: Robe              |       |     5 ||     5
Dodge: Dodged            |     2 |     2 ||     4
Block: Buckler           |     1 |     1 ||     2
